 Dungeon Crawl Stone Soup version 0.30-a0-634-g8abc85282e (webtiles) character file.

Game seed: 316174594823789212

15647 Conn the Thaumaturge (level 12, -1/64 HPs)
             Began as a Deep Elf Hedge Wizard on Jan 14, 2023.
             Was a High Priest of Sif Muna.
             Slain by a cyclops (20 damage)
             ... on level 10 of the Dungeon.
             The game lasted 01:01:16 (10294 turns).

Conn the Thaumaturge (Deep Elf Hedge Wizard)       Turns: 10294, Time: 01:01:16

Health: -1/64      AC: 18    Str:  6    XL:     12   Next: 3%
Magic:  4/29       EV: 16    Int: 33    God:    Sif Muna [*****.]
Gold:   809        SH:  5    Dex: 23    Spells: 5/34 levels left

rFire   . . .      SeeInvis .    p - +7 war axe "Soax" {heavy, +Blink rElec rF- Int+6}
rCold   + . .      Faith    .    J - +0 buckler
rNeg    . . .      Spirit   .    U - +5 ring mail of the Iron City of Dis {Int+3}
rPois   +          Reflect  .    c - +0 hat
rElec   +          Harm     .    y - +2 cloak
rCorr   +          Rampage  .    (no gloves)
Will    ++++.                    K - +2 pair of boots "Jinem" {Fly rPois rCorr Stlth+}
Stlth   ++++                     r - amulet of Qazlal's Hatred {Regen+ Dex+5}
HPRegen 1.10/turn                j - ring of protection from cold
MPRegen 0.21/turn                N - ring of Rifomuef {rF+ Will+++ rCorr EV+5 Stlth-}

@: flying
A: horns 1, iridescent scales 1, agile 1
a: Renounce Religion, Evoke Blink, Channel Magic, Forget Spell, Divine Exegesis


You were on level 10 of the Dungeon.
You worshipped Sif Muna.
Sif Muna was extremely pleased with you.
You visited 2 branches of the dungeon, and saw 11 of its levels.
You also visited: Sewer and Ossuary.

You collected 809 gold pieces.

Inventory:

Hand Weapons
 a - a +0 dagger
 p - the +7 war axe "Soax" (weapon) {heavy, +Blink rElec rF- Int+6}
   (You found it on level 2 of the Dungeon)

   Int:       It affects your intelligence (+6).
   rF:        It makes you vulnerable to fire.
   rElec:     It insulates you from electricity.
   +Blink:    It lets you blink.
Missiles
 T - 5 boomerangs of dispersal
Armour
 b - a +0 robe
 c - a +0 hat (worn)
 m - a +2 pair of boots
 n - a +2 ring mail of willpower
 y - a +2 cloak (worn)
 D - the +4 ring mail "Fikleibi" {Rampage Drain SInv}
   (You found it on level 5 of the Dungeon)

   SInv:      It lets you see invisible.
   Drain:     It drains your maximum health when unequipped.
   Rampage:   It bestows one free step when moving towards enemies.
 H - +0 steam dragon scales
 J - a +0 buckler (worn)
 K - the +2 pair of boots "Jinem" (worn) {Fly rPois rCorr Stlth+}
   (You found it on level 7 of the Dungeon)

   rPois:     It protects you from poison.
   Fly:       It grants you flight.
   rCorr:     It protects you from acid and corrosion.
   Stlth:     It makes you more stealthy.
 S - +0 acid dragon scales
 U - the +5 ring mail of the Iron City of Dis (worn) {Int+3}
   (You found it on level 9 of the Dungeon)

   Int:       It affects your intelligence (+3).
Magical Staves
 I - a staff of poison
Jewellery
 h - a ring of poison resistance
 j - a ring of protection from cold (left hand)
 r - the amulet of Qazlal's Hatred (around neck) {Regen+ Dex+5}
   (You acquired it on level 5 of the Dungeon)

   [amulet of regeneration]

   Dex:       It affects your dexterity (+5).
   Regen:     It increases your rate of health regeneration.
 s - a ring of ice
 t - a ring of flight
 N - the ring of Rifomuef (right hand) {rF+ Will+++ rCorr EV+5 Stlth-}
   (You found it on level 8 of the Dungeon)

   [ring of evasion]

   EV:        It affects your evasion (+5).
   rF:        It protects you from fire.
   rCorr:     It protects you from acid and corrosion.
   Will:      It greatly increases your willpower.
   Stlth:     It makes you less stealthy.
 Q - an amulet of faith
Wands
 l - a wand of mindburst (16)
 B - a wand of digging (17)
 E - a wand of iceblast (7)
 L - a wand of paralysis (7)
 O - a wand of quicksilver (13)
 R - a wand of flame (13)
Scrolls
 g - a scroll of vulnerability
 k - 2 scrolls of fear
 o - 3 scrolls of enchant weapon
 q - 3 scrolls of blinking
 u - 3 scrolls of teleportation
 A - 2 scrolls of brand weapon
 C - a scroll of immolation
 P - 2 scrolls of poison
Potions
 d - 2 potions of magic
 e - 5 potions of brilliance
 f - 4 potions of might
 i - 5 potions of attraction
 v - 3 potions of heal wounds
 w - a potion of haste
 x - a potion of flight
 z - a potion of berserk rage
 F - 2 potions of curing
 G - 3 potions of resistance {unknown}
 M - a potion of invisibility


   Skills:
 + Level 2.9 Fighting
 + Level 6.1 Axes
 + Level 0.2 Staves
 * Level 2.9 Armour
 + Level 5.2 Dodging
 + Level 7.6 Stealth
 + Level 1.1 Shields
 + Level 11.6 Spellcasting
 * Level 8.3 Conjurations
 + Level 2.1 Hexes
 + Level 3.8 Summonings
 + Level 4.6 Translocations
 * Level 4.8 Fire Magic
 + Level 2.5 Air Magic
 * Level 4.1 Earth Magic
 + Level 4.0 Poison Magic
 * Level 6.4 Invocations
 + Level 1.2 Evocations


You had 5 spell levels left.
You knew the following spells:

 Your Spells              Type           Power      Damage    Failure   Level
a - Magic Dart            Conj           100%       1d8       1%          1
b - Call Imp              Summ           44%        N/A       3%          2
c - Inner Flame           Hex/Fire       42%        N/A       9%          3
d - Mephitic Cloud        Conj/Pois/Air  51%        N/A       4%          3
e - Stone Arrow           Conj/Erth      100%       3d13      2%          3
f - Iskenderun's Battles  Conj           65%        2d11      11%         5
g - Blink                 Tloc           100%       N/A       2%          2
h - Fireball              Conj/Fire      29%        3d13      22%         5
i - Slow                  Hex            100%       N/A       4%          1
j - Iskenderun's Mystic   Conj/Tloc      58%        2d12      9%          4

Your spell library contained the following spells:

 Spells                   Type           Power      Damage    Failure   Level
 Kiss of Death            Conj/Necr      100%       2d13      2%          1
 Poisonous Vapours        Pois/Air       80%        N/A       4%          2
 Sting                    Tmut/Pois      100%       1d8       5%          1
 Cigotuvi's Dreadful Rot  Necr/Pois/Air  66%        N/A       8%          2
 Olgreb's Toxic Radiance  Pois           45%        N/A       22%         4
 Leda's Liquefaction      Hex/Erth       20%        N/A       32%         4
 Cause Fear               Hex            16%        N/A       45%         4
 Freezing Cloud           Conj/Ice/Air   21%        6-21      58%         5
 Conjure Ball Lightning   Conj/Air       26%        3x3d7     89%         6
 Orb of Destruction       Conj           32%        9d10      97%         7
 Statue Form              Tmut/Erth      22%        N/A       100%        6
 Discord                  Hex            16%        N/A       100%        8


Dungeon Overview and Level Annotations

Branches:
Dungeon (10/15)            Temple (1/1) D:4             Orc (0/2) D:9
  Sewer (visited)         Ossuary (visited)
   Lair: D:8-11

Altars:
Ashenzari
Cheibriados
Dithmenos
Elyvilon
Gozag
Hepliaklqana
Kikubaaqudgha
Nemelex Xobeh
Okawaru
Qazlal
Ru
Sif Muna
Trog
Uskayaw
Vehumet
Zin
The Shining One

Shops:
D:9 =

Annotations:
D:8 3 runed translucent doors, Rrauwl's ghost, novice MiHu
D:9 2 transporters, Gitty's ghost, novice MiBe
D:10 Urug


Innate Abilities, Weirdness & Mutations

You have a pair of small horns on your head.
You are partially covered in iridescent scales. (AC +2)
You are agile. (Dex +4, Str/Int -1)


Message History

The yak barely misses the yak.
Casting: Mephitic Cloud (dangerous; 4% risk of failure)
Confirm with . or Enter, or press ? or * to list all spells.
Aiming: Mephitic Cloud (dangerous; 4% risk of failure)
Press: ? - help, Shift-Dir - straight line, f - yak, p - cyclops
Aim: a yak (lightly wounded, chance to affect: 67%)
The ball explodes into a vile cloud!
The stinking cloud engulfs the yak but does no damage.
The yak is lightly wounded.
The stinking cloud engulfs the yak but does no damage.
The yak is almost dead.
The stinking cloud engulfs you but does no damage.
The yak is engulfed in noxious fumes. x2; The yak appears confused.
Unknown command.
Unknown command.
Unknown command.
You slash the cyclops!
You headbutt the cyclops, but do no damage.
The cyclops is almost dead.
You slash the yak!
You kill the yak!
Sif Muna accepts your kill.
You slash the yak!
The yak is engulfed in noxious fumes.
The yak appears confused.
The yak closely misses you.
The yak is engulfed in noxious fumes.
The yak appears confused.
The yak gores you.
Unknown command.
You slash the ogre mage!
The ogre mage is heavily wounded.
You catch the helpless cyclops completely off-guard!
You hit the cyclops.
You catch the helpless yak completely off-guard!
You slash the yak!
The cyclops seems less confused.
The ogre mage gestures at you while chanting.
The bolt of magma hits you!!
Ouch! That really hurt!
The yak is engulfed in noxious fumes.
The yak gores you!
* * * LOW HITPOINT WARNING * * *
The cyclops hits you!!
You die...

##.....# ...
###..##..####### ....
........uYYc...##
.....
###....######.)#......
#.........#.†.......
#...u.....#°##...... .
#.........#.# .....
... #......(YY#C# ....
....#.........#@# ...
...........o.☼OY# ..
##o.........○..# .
#.............#
.........o......#
....#...$######.# ...
.........)#.# ..
...##.[....#.# .
....##......#.#
.......


You could see Urug (confused), an ogre mage, a cyclops, a yak (confused) and an
orc wizard.

Vanquished Creatures
  2 centaur warriors (D:10)
  A deep elf pyromancer (D:10)
  4 lindwurms (D:8)
  An ugly thing (D:10)
  Maggie (D:8)
  A troll (D:8)
  Prince Ribbit (D:7)
  A basilisk (D:10)
  A wyvern (D:9)
  Grum (D:9)
  2 steam dragons
  32 yaks
  2 water moccasins (D:6)
  7 orc warriors
  5 black bears
  A sky beast (D:6)
  2 ice beasts (D:6)
  An ogre (D:6)
  A centaur (D:7)
  3 wolves (D:9)
  A phantom (D:5)
  2 kobold brigands
  6 bullfrogs
  A necrophage (D:5)
  8 scorpions
  14 wights
  11 killer bees
  7 howler monkeys
  A jelly (D:6)
  5 orc priests
  A gnoll bouda (D:6)
  8 hounds
  Natasha (thrice) (D:3)
  Ijyb (D:5)
  8 orc wizards
  9 mummies
  4 gnolls (D:6)
  10 adders
  2 shadow imps
  2 white imps
  11 worms
  3 dart slugs
  34 orcs
  4 bats
  15 endoplasms
  14 giant cockroaches
  3 hobgoblins
  A jackal (D:3)
  12 kobolds
  23 quokkas
  10 ball pythons
  7 frilled lizards
  A gnoll zombie (Ossuary)
  3 goblins
  A goblin zombie (D:4)
  2 kobold zombies (Ossuary)
  2 orc zombies
  A rat (D:2)
321 creatures vanquished.

Vanquished Creatures (collateral kills)
  An ogre (D:5)
  A hound (D:4)
  An orc wizard (D:3)
  An adder (D:3)
  3 orcs
  An endoplasm (D:3)
  A gnoll zombie (Ossuary)
  A jackal (D:3)
  A kobold (D:3)
  A kobold zombie (Ossuary)
  2 orc zombies (Ossuary)
14 creatures vanquished.

Vanquished Creatures (others)
  A howler monkey (D:7)
  An orc (D:3)
  4 fungi
  7 plants (D:10)
13 creatures vanquished.

Grand Total: 348 creatures vanquished

Notes
Turn   | Place    | Note
-------+----------+-------------------------------------------
     0 | D:1      | Conn the Deep Elf Hedge Wizard began the quest for the Orb.
     0 | D:1      | Reached XP level 1. HP: 10/10 MP: 7/7
   205 | D:1      | Reached skill level 5 in Spellcasting
   293 | D:1      | Reached XP level 2. HP: 15/15 MP: 5/10
  1505 | D:2      | Learned a level 2 spell: Blink
  1508 | D:2      | Learned a level 2 spell: Call Imp
  1598 | D:2      | Identified the +7 war axe "Soax" {heavy, +Blink rElec rF-
                  | Int+6}
  1706 | D:2      | Reached XP level 3. HP: 16/19 MP: 11/11
  1969 | D:2      | Learned a level 3 spell: Mephitic Cloud
  2068 | D:3      | Reached skill level 6 in Spellcasting
  2068 | D:3      | Reached XP level 4. HP: 4/24 MP: 10/14
  2381 | D:3      | Noticed Natasha
  2384 | D:3      | Killed Natasha
  2387 | D:3      | Found a white marble altar of Elyvilon.
  2404 | D:3      | Reached skill level 7 in Spellcasting
  2404 | D:3      | Reached XP level 5. HP: 8/28 MP: 7/16
  2642 | D:3      | Noticed Natasha
  2648 | D:3      | Killed Natasha
  2649 | D:3      | Reached skill level 1 in Poison Magic
  2831 | D:3      | Found an ancient bone altar of Kikubaaqudgha.
  2876 | D:3      | Noticed Natasha
  2883 | D:3      | Killed Natasha
  3012 | D:4      | Found a sand-covered staircase.
  3029 | D:4      | Reached skill level 1 in Evocations
  3050 | Ossuary  | Entered an ossuary
  3103 | Ossuary  | Reached XP level 6. HP: 32/32 MP: 2/18
  3617 | Ossuary  | Learned a level 1 spell: Slow
  3748 | D:4      | Found an opulent altar of Gozag.
  3793 | D:4      | Reached skill level 1 in Fighting
  3801 | D:4      | Reached XP level 7. HP: 11/38 MP: 3/20
  3999 | D:4      | Gained mutation: You occasionally lose the ability to drink
                  | potions when taking damage. [potion of mutation]
  3999 | D:4      | Gained mutation: You are strong-willed. (Will+) [potion of
                  | mutation]
  3999 | D:4      | Gained mutation: You are partially covered in iridescent
                  | scales. (AC +2) [potion of mutation]
  4085 | D:4      | Found a glowing golden altar of the Shining One.
  4423 | D:4      | Found a staircase to the Ecumenical Temple.
  4434 | Temple   | Entered the Ecumenical Temple
  4622 | Temple   | Became a worshipper of Sif Muna the Loreminder
  4825 | D:5      | Entered Level 5 of the Dungeon
  4976 | D:5      | Reached skill level 1 in Axes
  5072 | D:5      | Noticed Ijyb
  5086 | D:5      | Killed Ijyb
  5118 | D:5      | Reached skill level 8 in Spellcasting
  5196 | D:5      | Identified a scroll of acquirement
  5196 | D:5      | Acquired the amulet of Qazlal's Hatred {Regen+ Dex+5}
  5227 | D:5      | Reached XP level 8. HP: 43/43 MP: 16/22
  5241 | D:5      | Identified the +4 ring mail "Fikleibi" {Rampage Drain SInv}
  5263 | D:5      | Found a large runed translucent door.
  5263 | D:5      | Found a large runed translucent door.
  5494 | D:5      | Reached * piety under Sif Muna
  5496 | D:5      | Found a hazy altar of Hepliaklqana.
  5499 | D:5      | Found a sparkling altar of Nemelex Xobeh.
  5531 | D:6      | Reached skill level 5 in Stealth
  5541 | D:6      | Reached skill level 5 in Conjurations
  5541 | D:6      | Reached skill level 1 in Air Magic
  5634 | D:6      | Found a glowing drain.
  5644 | Sewer    | Entered a sewer
  5735 | Sewer    | Reached ** piety under Sif Muna
  5828 | Sewer    | Reached XP level 9. HP: 45/48 MP: 19/23
  6083 | D:6      | Learned a level 5 spell: Iskenderun's Battlesphere
  6227 | D:6      | Reached *** piety under Sif Muna
  6262 | D:6      | Reached skill level 1 in Invocations
  6271 | D:6      | Reached skill level 9 in Spellcasting
  6411 | D:6      | Learned a level 3 spell: Inner Flame
  6417 | D:6      | Learned a level 5 spell: Fireball
  6460 | D:6      | Lost mutation: You are strong-willed. (Will+) [potion of
                  | mutation]
  6460 | D:6      | Lost mutation: You occasionally lose the ability to drink
                  | potions when taking damage. [potion of mutation]
  6460 | D:6      | Gained mutation: You have a pair of small horns on your
                  | head. [potion of mutation]
  6460 | D:6      | Gained mutation: You are agile. (Dex +4, Str/Int -1)
                  | [potion of mutation]
  6699 | D:7      | Noticed Prince Ribbit
  6803 | D:7      | Reached skill level 1 in Fire Magic
  6840 | D:7      | Found a stormy altar of Qazlal.
  6969 | D:7      | Reached XP level 10. HP: 54/54 MP: 20/25
  7064 | D:7      | Identified the +2 pair of boots "Jinem" {Fly rPois rCorr
                  | Stlth+}
  7113 | D:7      | Found a shadowy altar of Dithmenos.
  7154 | D:7      | Killed Prince Ribbit
  7155 | D:7      | Reached skill level 5 in Axes
  7702 | D:8      | Noticed a lindwurm
  7703 | D:8      | Noticed a lindwurm
  7714 | D:8      | Killed a lindwurm
  7714 | D:8      | Killed a lindwurm
  7715 | D:8      | Reached skill level 10 in Spellcasting
  7718 | D:8      | Noticed a lindwurm
  7718 | D:8      | Noticed a lindwurm
  7731 | D:8      | Killed a lindwurm
  7732 | D:8      | Reached skill level 1 in Hexes
  7852 | D:8      | Killed a lindwurm
  7857 | D:8      | Identified the ring of Rifomuef {rF+ Will+++ rCorr EV+5
                  | Stlth-}
  7893 | D:8      | Got the Octavo of the Cwm and Energy
  7898 | D:8      | Learned a level 3 spell: Stone Arrow
  7903 | D:8      | Learned a level 4 spell: Iskenderun's Mystic Blast
  7994 | D:8      | Reached **** piety under Sif Muna
  8141 | D:8      | Noticed Rrauwl's ghost (novice MiHu)
  8177 | D:8      | Reached skill level 5 in Dodging
  8189 | D:8      | Noticed Maggie
  8224 | D:8      | Reached skill level 11 in Spellcasting
  8477 | D:8      | Found a runed translucent gate.
  8477 | D:8      | Found a runed translucent gate.
  8477 | D:8      | Found a runed translucent gate.
  8511 | D:8      | Killed Maggie
  8520 | D:8      | Reached skill level 1 in Earth Magic
  8679 | D:8      | Reached skill level 5 in Invocations
  8682 | D:8      | Reached XP level 11. HP: 59/59 MP: 20/28
  9303 | D:9      | Identified the +5 ring mail of the Iron City of Dis {Int+3}
  9357 | D:9      | Found a staircase to the Orcish Mines.
  9568 | D:9      | Noticed Grum
  9574 | D:9      | Killed Grum
  9577 | D:9      | Found a transporter.
  9578 | D:9      | Found a transporter.
  9578 | D:9      | Noticed Gitty's ghost (novice MiBe)
  9578 | D:9      | Noticed a two-headed ogre
  9579 | D:9      | Noticed a two-headed ogre
  9583 | D:9      | Noticed a two-headed ogre
  9584 | D:9      | Identified the +7 dire flail "Undertaker" {speed, Str+5
                  | Stlth+}
  9584 | D:9      | Noticed a two-headed ogre
  9813 | D:9      | Reached skill level 1 in Shields
  9814 | D:9      | Reached skill level 1 in Armour
 10022 | D:9      | Reached ***** piety under Sif Muna
 10114 | D:9      | Found Epemi's Jewellery Shoppe.
 10180 | D:10     | Entered Level 10 of the Dungeon
 10191 | D:10     | Noticed a deep elf pyromancer
 10202 | D:10     | Noticed an ogre mage
 10203 | D:10     | Killed a deep elf pyromancer
 10206 | D:10     | Noticed a two-headed ogre
 10218 | D:10     | Noticed a centaur warrior
 10219 | D:10     | Noticed a cyan ugly thing
 10226 | D:10     | Got Dysk's Book of the Sunfish
 10230 | D:10     | Noticed a centaur warrior
 10237 | D:10     | Noticed Urug
 10274 | D:10     | Killed a centaur warrior
 10287 | D:10     | Killed a cyan ugly thing
 10287 | D:10     | Received a gift from Sif Muna
 10288 | D:10     | Killed a centaur warrior
 10289 | D:10     | Reached XP level 12. HP: 63/64 MP: 5/29
 10294 | D:10     | Slain by a cyclops

Illustrated notes

Levels and vault maps discovered:
D:1:      lordsloth_arrival_two_stooges, layout_rooms, minmay_surrounded
D:2:      minmay_wonky_spiral, layout_loops_corners
D:3:      layout_rooms, kiku_gazebo_pond_becter, elyvilon_altar_1,
          kennysheep_generic_room_4, uniq_natasha
D:4:      layout_cave_pods, mainiacjoe_overflow_concentric_impassable,
          general_overflow_altar, minmay_temple_entry_stoned_glass,
          nicolae_ossuary_entry_giza
D:5:      layout_basic, jmf_multi_god_temple2, grunt_ministairs_3,
          nicolae_wormholes, uniq_ijyb
D:6:      layout_rooms, portal_sewer_entry_f
D:7:      layout_cave_pools, kennysheep_mini_moat,
          nicolae_qazlal_scattered_showers, dk_vineyard_1, uniq_prince_ribbit1
D:8:      layout_loops_ring, gammafunk_ghost_icy, hangedman_glass_teeth,
          minmay_lindwurm_lava, uniq_maggie
D:9:      layout_roguey, david_orc_2, serial_shops, kennysheep_little_box,
          gammafunk_ghost_smash, serial_co_window_serial, co_window_corner_a,
          co_window_corner_a, co_window_paths_a, co_window_corner_a,
          co_window_of_opportunity_a, co_window_broadway_a, co_window_cross_4,
          co_window_of_opportunity_b, glass_columns_b, glass_columns_c,
          uniq_grum
D:10:     minmay_cut_squares, layout_long_grid, minmay_overflow_temple_star_hex,
          grunt_lair_entry_orc_guard_hut, serial_shops, nicolae_stop_n_shop_1,
          kennysheep_mini, nicolae_take_the_stairs, shop, nicolae_diamond_shop,
          uniq_urug
Temple:   grunt_temple_mini_profane

Skill      XL: |  1  2  3  4  5  6  7  8  9 10 11 |
---------------+----------------------------------+-----
Spellcasting   | 5 6 7 8 9 11 | 11.6
Conjurations   | 2 3 4 5 6 7 8 |  8.3
Stealth        | 3 4 5 6 7 |  7.6
Poison Magic   | 2 3 4 |  4.0
Evocations     | 1 |  1.2
Summonings     | 2 3 |  3.8
Fighting       | 1 2 |  2.9
Dodging        | 3 4 5 |  5.2
Translocations | 3 4 |  4.6
Axes           | 2 3 4 5 6 |  6.1
Air Magic      | 1 2 |  2.5
Invocations    | 3 5 6 |  6.4
Fire Magic     | 1 4 |  4.8
Hexes          | 1 2 |  2.1
Earth Magic    | 1 4 |  4.1
Shields        | 1 |  1.1
Armour         | 2 |  2.9
Staves         | |  0.2

Action                   |  1- 3 |  4- 6 |  7- 9 | 10-12 || total
-------------------------+-------+-------+-------+-------++-------
Melee: Dagger            |     4 |       |       |       ||     4
       War axe           |    19 |    24 |   196 |   113 ||   352
       Punch             |       |       |     2 |       ||     2
       Headbutt          |       |       |     5 |    36 ||    41
       Staff             |       |       |       |     7 ||     7
 Cast: Magic Dart        |    85 |   101 |    69 |    61 ||   316
       Call Imp          |     4 |     9 |     9 |    12 ||    34
       Mephitic Cloud    |     1 |     7 |    34 |    50 ||    92
       Blink             |     1 |     1 |     1 |       ||     3
       Slow              |       |       |     3 |       ||     3
       Inner Flame       |       |       |       |     8 ||     8
       Iskenderun's Batt |       |       |       |     8 ||     8
       Stone Arrow       |       |       |       |    16 ||    16
       Iskenderun's Myst |       |       |       |     8 ||     8
Invok: Channel Magic     |       |       |       |     3 ||     3
Evoke: Wand              |     2 |     2 |     1 |       ||     5
  Use: Scroll            |     1 |       |    13 |     9 ||    23
       Potion            |     1 |     3 |     4 |       ||     8
 Stab: Sleeping          |     1 |     3 |     7 |     1 ||    12
       Confused          |       |     1 |    20 |    27 ||    48
Armor: Robe              |     8 |     8 |    83 |       ||    99
       Steam dragon scal |       |       |     4 |    12 ||    16
       Ring mail         |       |       |       |    41 ||    41
Dodge: Dodged            |    28 |    29 |   230 |   156 ||   443
Block: Buckler           |       |       |       |    40 ||    40

Table legend: (Time is in decaauts)
 A = Elapsed time spent in this place.
 B = Non-inter-level travel time spent in this place.
 C = Inter-level travel time spent in this place.
 D = Time resting spent in this place.
 E = Time spent auto-exploring this place.
 F = Levels seen in this place.
 G = Mean time per level.
                   A        B        C        D        E       F      G
               +--------+--------+--------+--------+--------+-----+--------+
         Total |  10630 |  10379 |    251 |    402 |   6595 |  13 |  817.7 |
       Dungeon |   9520 |   9292 |    228 |    402 |   6016 |  10 |  952.0 |
        Temple |    212 |    189 |     23 |      0 |    166 |   1 |  212.0 |
         Sewer |    301 |    301 |      0 |      0 |     15 |   1 |  301.0 |
       Ossuary |    595 |    595 |      0 |      0 |    398 |   1 |  595.0 |
               +--------+--------+--------+--------+--------+-----+--------+

Top non-repeatable levels by time:
     D:8: 1610 daAuts
     D:2: 1314 daAuts
     D:9: 1187 daAuts
     D:4: 1102 daAuts
     D:6: 1031 daAuts
     D:3: 907 daAuts
     D:1: 763 daAuts
     D:5: 752 daAuts
     D:7: 728 daAuts
 Ossuary: 595 daAuts
   Sewer: 301 daAuts
  Temple: 212 daAuts
    D:10: 122 daAuts
